 Dungeon Crawl Stone Soup version 0.31-a0-430-gf8416d752b (console) character file.

Game seed: 6293289711443421707

48008 Lexodia the Ripper (level 14, -7/79 HPs)
             Began as a Felid Shapeshifter on July 31, 2023.
             Was a High Priest of Wu Jian.
             Mangled by a skyshark (11 damage)
             ... on level 5 of the Lair of Beasts.
             The game lasted 01:11:42 (18541 turns).

Lexodia the Ripper (Felid Shapeshifter)            Turns: 18541, Time: 01:11:42

Health: -7/79      AC: 10    Str: 21 (22) XL:     14   Next: 10%
Magic:  15/15      EV: 19    Int:  9 (10) God:    Wu Jian [*****.]
Gold:   784        SH:  0    Dex: 21      Spells: 13/13 levels left
                                        Lives:  0   Deaths: 4

rFire   . .          .
                       - Unarmed
rCold   . . .        (shield unavailable)
rNeg    + . .        (body armour unavailable)
rPois   .            (helmet unavailable)
rElec   .            (cloak unavailable)
rCorr   .            (gloves unavailable)
SInv    +            (boots unavailable)
Will    ++...        r - amulet of the acrobat
Stlth   +++++++      c - ring of positive energy
HPRegen 1.13/turn    s - +6 ring of strength
MPRegen 0.14/turn

%: acrobat
@: exhausted, snake-form
A: constrict, boosted hp, large, (claws 1), (fangs 3), see invisible, (speed 1),
(shaggy fur 3), (stealthy paws), no weapons or thrown items, no armour,
multi-lived, deterioration 1, regeneration 1, evolution 1
a: Begin Untransformation, Renounce Religion, Wall Jump, Serpent's Lash,
Heavenly Storm


You were on level 5 of the Lair of Beasts.
You worshipped Wu Jian.
Wu Jian was extremely pleased with you.
You were an enormous anaconda.
You visited 3 branches of the dungeon, and saw 20 of its levels.
You also visited: Sewer, Bailey and Gauntlet.

You collected 1180 gold pieces.
You spent 396 gold pieces at shops.

Inventory:

Jewellery
 c - a ring of positive energy (left hand)
 k - a ring of resist corrosion
 r - an amulet of the acrobat (around neck)
 s - a +6 ring of strength (right hand)
 v - a ring of poison resistance
 B - a ring of positive energy
 F - a ring of ice
 M - a +6 ring of intelligence
 O - a +6 ring of intelligence
Talismans
 b - a beast talisman
 J - a serpent talisman (active)
Wands
 o - a wand of flame (15)
 q - a wand of paralysis (29)
 u - a wand of acid (7)
 y - a wand of polymorph (19)
 C - a wand of digging (4)
 G - a wand of iceblast (12)
 K - a wand of mindburst (12)
Scrolls
 d - 4 scrolls of vulnerability
 e - 4 scrolls of amnesia
 f - 6 scrolls of immolation
 g - a scroll of summoning
 i - 6 scrolls of blinking
 j - 10 scrolls of enchant armour
 m - 3 scrolls of fear
 w - 5 scrolls of teleportation
 x - 2 scrolls of revelation
 A - 4 scrolls of fog
 D - 9 scrolls of identify
Potions
 a - a potion of curing
 h - 4 potions of enlightenment
 l - 5 potions of haste
 n - 5 potions of brilliance
 p - a potion of ambrosia
 t - 2 potions of invisibility
 z - 3 potions of magic
 E - 3 potions of heal wounds
 L - 2 potions of lignification
 N - a potion of mutation
Miscellaneous
 H - a phantom mirror
 I - a lightning rod (4/4)


   Skills:
 - Level 10.0 Fighting
 - Level 13.0 Dodging
 + Level 16.3 Stealth
 + Level 17.4 Unarmed Combat
 + Level 5.8 Evocations
 + Level 10.7 Shapeshifting


You had 13 spell levels left.
You didn't know any spells.
Your spell library contained the following spells:

 Spells                   Type           Power      Damage    Failure   Level
 Lesser Beckoning         Tloc           0%         N/A       52%         2
 Momentum Strike          Conj/Tloc      0%         3d8       52%         2
 Sublimation of Blood     Necr           0%         N/A       52%         2
 Wereblood                Tmut           0%         N/A       52%         2
 Dazzling Flash           Conj/Hex       0%         N/A       77%         3
 Gell's Gravitas          Tloc           0%         N/A       77%         3
 Teleport Other           Tloc           0%         N/A       77%         3
 Tukima's Dance           Hex            0%         N/A       77%         3
 Anguish                  Hex/Necr       0%         N/A       99%         4
 Cause Fear               Hex            0%         N/A       99%         4
 Passage of Golubria      Tloc           0%         N/A       99%         4
 Agony                    Necr           0%         N/A       100%        5
 Fireball                 Conj/Fire      0%         3d3       100%        5
 Silence                  Hex/Air        0%         N/A       100%        5
 Yara's Violent Unravell  Hex/Tmut       0%         3d3       100%        5
 Summon Hydra             Summ           0%         N/A       100%        7
 Dragon's Call            Summ           0%         N/A       100%        9
 Portal Projectile        Hex/Tloc       Unusable   N/A       N/A         3

Dungeon Overview and Level Annotations

Branches:
Dungeon (14/15)            Temple (1/1) D:4            Lair (5/5) D:8
  Swamp (0/4) Lair:2        Snake (0/4) Lair:3        Slime (0/5) Lair:5
    Orc (0/2) D:12          Sewer (visited)          Bailey (visited)
Gauntlet (visited)
 Vaults: D:13-14

Altars:
Ashenzari
Cheibriados
Dithmenos
Elyvilon
Fedhas
Gozag
Hepliaklqana
Kikubaaqudgha
Makhleb
Nemelex Xobeh
Okawaru
Qazlal
Ru
Sif Muna
Trog
Uskayaw
Vehumet
Wu Jian
Xom
Yredelemnul
Zin
The Shining One

Shops:
D:6 !=(*=   D:8 ?   D:10 [

Portals:
Trove: D:11 (give 16 potions of curing)

Annotations:
D:12 Rupert
D:13 Frances, Nessos


Innate Abilities, Weirdness & Mutations

You are an enormous anaconda.
You have a powerful constriction melee attack.
Your maximum health is increased.
((You have sharp claws.))
((You have razor-sharp teeth.))
You have supernaturally acute eyesight. (SInv)
((You cover ground quickly. (Speed+)))
((Your thick and shaggy fur keeps you warm. (AC +3, rC+)))
((Your paws help you pounce on unaware monsters.))
You are incapable of wielding weapons or throwing items.
You cannot wear armour.
You gain extra lives every three experience levels.
Your body sometimes deteriorates upon taking damage.
Your natural rate of healing is unusually fast.
You have hidden genetic potential.


Message History

Your body deteriorates!
You feel dopey. The skyshark tail-slaps you!
* * * LOW HITPOINT WARNING * * *
The skyshark barely misses you.
Huge Dmg: -32%(-25hp) hp: 28%(22hp)
Your muscles tense, ready for explosive movement...
You release your grip on the water moccasin.
You spin and attack the water moccasin, with incredible momentum.
You body-slam the water moccasin!!
You blow up the water moccasin!
The Council accepts your kill.
You spin and attack the skyshark, with incredible momentum.
You hit the skyshark.
The skyshark is heavily wounded.
You spin and attack the skyshark, with incredible momentum.
You hit the skyshark but do no damage. You grab the skyshark.
The skyshark is heavily wounded.
Your supernatural speed expires.
Unknown command.
You body-slam the skyshark!!
The skyshark is severely wounded.
You constrict the skyshark. The skyshark completely misses you. x3
You lash the skyshark!
The skyshark is almost dead.
You constrict the skyshark. The skyshark bites you!!
* * * LOW HITPOINT WARNING * * *
The skyshark misses you. x2
Huge Dmg: -22%(-17hp) hp: 8%(6hp)
You completely miss the skyshark.
The skyshark is almost dead.
You constrict the skyshark. The komodo dragon barely misses you.
The skyshark barely misses you. The skyshark closely misses you.
The skyshark barely misses you.
Okay, then.
You lash the skyshark!
The skyshark is almost dead.
You constrict the skyshark. The skyshark bites you.
* * * LOW HITPOINT WARNING * * *
The skyshark tail-slaps you!
You die...

#.............#
#............P
#............# .##
#....†.....# ...#
#†#.†.### ~....###
##......# ......#.##
#....#####
......P..###.....##.#
.........S.........##
......#.ll..........#
...(..##.##.........##
........####.........P
........P# #.........#
.........# ##........#
........#. #........#
.......#### #........#
...##.. #........#


You could see a skyshark (berserk) and a komodo dragon.

Vanquished Creatures
  An eleionoma (Lair:2)
  A minotaur (Gauntlet)
  A blizzard demon (Gauntlet)
  Fannar (Lair:1)
  Snorg (D:12)
  Harold (D:9)
  4 hydras
  3 catoblepae
  Erolcha (D:10)
  An ogre mage (D:14)
  A centaur warrior (D:14)
  3 two-headed ogres
  2 boulder beetles (D:11)
  16 death yaks
  The ghost of blacky4 the Fighter, a journeyman VSFi of Gozag (Lair:1)
  A tengu warrior (D:11)
  Amaemon (D:11)
  A skyshark (Lair:4)
  Pikel (D:8)
  4 orc knights
  A necromancer (Lair:3)
  3 manticores
  A cyclops (D:12)
  3 ugly things
  A deep elf pyromancer (D:12)
  16 elephants
  A worldbinder (Gauntlet)
  3 black mambas
  2 gargoyles
  6 cane toads
  4 rime drakes
  An orange demon (D:11)
  An unseen horror (D:12)
  9 komodo dragons
  2 polar bears (Lair:5)
  5 trolls
  Prince Ribbit (D:7)
  2 raiju (Gauntlet)
  13 blink frogs
  3 flying skulls (Gauntlet)
  4 slime creatures (D:12)
  9 dream sheep (Lair:4)
  9 wyverns
  7 shadows
  A vampire (D:12)
  2 wraiths
  54 yaks
  3 basilisks
  2 vampire mosquitoes (D:14)
  2 steam dragons
  2 nagas (Lair:3)
  2 acid dragons
  12 water moccasins
  2 ice beasts
  A sky beast (D:7)
  12 orc warriors
  3 black bears
  An ogre (D:5)
  2 boggarts (Gauntlet)
  3 centaurs
  8 wolves (Lair:3)
  A kobold brigand (D:10)
  17 bullfrogs
  A gnoll sergeant (D:7)
  3 scorpions
  11 wights
  An electric eel (Lair:1)
  3 howler monkeys
  A jelly (D:5)
  3 hounds
  2 gnoll boudas
  10 orc priests
  A sleepcap (D:5)
  9 orc wizards
  5 iguanas
  3 polar bear simulacra (Lair:3)
  5 hell rats (Lair:4)
  A lightning spire (Gauntlet)
  4 yak simulacra (Lair:3)
  4 wolf simulacra (Lair:3)
  10 adders
  22 gnolls
  A shadow imp (D:6)
  6 white imps
  3 ufetubi
  A dart slug (D:5)
  47 orcs
  4 endoplasms
  9 giant cockroaches
  10 goblins
  4 hobgoblins
  7 quokkas
  12 ball pythons
  3 bats
  10 frilled lizards (Sewer)
  9 kobolds
  7 rats
515 creatures vanquished.

Notes
Turn   | Place    | Note
-------+----------+-------------------------------------------
     0 | D:1      | Lexodia the Felid Shapeshifter began the quest for the Orb.
     0 | D:1      | Reached XP level 1. HP: 9/9 MP: 2/2
    27 | D:1      | Huge Dmg: 3 dmg
    29 | D:1      | Reached XP level 2. HP: 9/12 MP: 3/3
   227 | D:1      | Huge Dmg: 3 dmg
   443 | D:1      | Huge Dmg: 4 dmg
   480 | D:1      | Huge Dmg: 3 dmg
   808 | D:2      | Reached XP level 3. HP: 15/15 MP: 4/4
  1285 | D:3      | Found a faded altar of an unknown god.
  1326 | D:3      | Huge Dmg: 12 dmg
  1332 | D:2      | Huge Dmg: 4 dmg
  1339 | D:2      | Reached skill level 1 in Stealth
  1361 | D:2      | Huge Dmg: 3 dmg
  1514 | D:3      | Reached XP level 4. HP: 16/19 MP: 5/5
  1578 | D:3      | Huge Dmg: 4 dmg
  1795 | D:3      | Huge Dmg: 5 dmg
  1797 | D:3      | Huge Dmg: 3 dmg
  1798 | D:3      | Huge Dmg: 2 dmg
  1799 | D:3      | Reached XP level 5. HP: 8/22 MP: 6/6
  1869 | D:3      | Huge Dmg: 4 dmg
  1870 | D:3      | Huge Dmg: 6 dmg
  2120 | D:4      | Reached skill level 4 in Unarmed Combat
  2121 | D:4      | Huge Dmg: 8 dmg
  2123 | D:4      | Huge Dmg: 2 dmg
  2127 | D:4      | Huge Dmg: 4 dmg
  2128 | D:4      | Huge Dmg: 1 dmg
  2128 | D:4      | Slain by an orc wizard
  2129 | D:4      | Reached XP level 4. HP: 0/20 MP: 5/5
  2129 | D:4      | Found a staircase to the Ecumenical Temple.
  2139 | Temple   | Entered the Ecumenical Temple
  2148 | Temple   | Became a worshipper of the Wu Jian Council
  2166 | D:5      | Entered Level 5 of the Dungeon
  2174 | D:5      | Reached XP level 5. HP: 23/23 MP: 6/6
  2179 | D:5      | Found a glowing drain.
  2197 | Sewer    | Entered a sewer
  2310 | Sewer    | Huge Dmg: 5 dmg
  2342 | Sewer    | Reached * piety under Wu Jian
  2523 | Sewer    | Huge Dmg: 5 dmg
  2526 | Sewer    | Huge Dmg: 8 dmg
  2530 | Sewer    | Gained mutation: You are covered in thick fur. (AC +2)
                  | [Felid growth]
  2530 | Sewer    | Reached XP level 6. HP: 13/28 MP: 7/7
  2531 | Sewer    | Huge Dmg: 5 dmg
  2967 | Sewer    | Identified the +5 quarterstaff of Truth {venom, rN++ Str-2
                  | Int+5}
  2990 | D:6      | Found Moma's Distillery.
  3010 | D:6      | Bought a potion of curing for 39 gold pieces
  3010 | D:6      | Bought a potion of degeneration for 13 gold pieces
  3071 | D:5      | Reached skill level 5 in Unarmed Combat
  3071 | D:5      | Reached skill level 5 in Shapeshifting
  3074 | D:5      | Reached XP level 7. HP: 31/31 MP: 8/8
  3696 | D:5      | Reached skill level 5 in Stealth
  3859 | D:5      | Reached skill level 5 in Dodging
  3869 | D:5      | Found a shimmering altar of Xom.
  3929 | D:5      | Reached ** piety under Wu Jian
  3958 | D:5      | Reached skill level 6 in Unarmed Combat
  3974 | D:5      | Huge Dmg: 11 dmg
  3978 | D:5      | Huge Dmg: 6 dmg
  3979 | D:5      | Reached XP level 8. HP: 16/34 MP: 9/9
  4071 | D:5      | Huge Dmg: 7 dmg
  4164 | D:5      | Huge Dmg: 11 dmg
  4540 | D:6      | Huge Dmg: 9 dmg
  4552 | D:6      | Huge Dmg: 8 dmg
  4729 | D:6      | Huge Dmg: 17 dmg
  4730 | D:6      | Huge Dmg: 6 dmg
  4897 | D:6      | Reached skill level 7 in Unarmed Combat
  4899 | D:6      | Huge Dmg: 9 dmg
  4902 | D:6      | Huge Dmg: 5 dmg
  4902 | D:6      | Found a large runed translucent door.
  5005 | D:6      | Found a large runed translucent door.
  5026 | D:6      | Found Doesied's Jewellery Emporium.
  5188 | D:6      | Found Rahupn's Jewellery Boutique.
  5202 | D:6      | Found Noxos's Assorted Antiques.
  5208 | D:6      | Bought an emerald ring for 155 gold pieces
  5220 | D:6      | Found Toakk's Weapon Emporium.
  5457 | D:6      | Reached *** piety under Wu Jian
  5458 | D:6      | Reached XP level 9. HP: 37/37 MP: 10/10
  5474 | D:6      | Huge Dmg: 18 dmg
  5480 | D:6      | Found a broken altar of Ashenzari.
  5551 | D:6      | Found a burning altar of Makhleb.
  5593 | D:7      | Noticed Prince Ribbit
  5604 | D:7      | Killed Prince Ribbit
  5614 | D:7      | Found an ancient bone altar of Kikubaaqudgha.
  5652 | D:7      | Huge Dmg: 12 dmg
  5674 | D:8      | Huge Dmg: 10 dmg
  5690 | D:8      | Huge Dmg: 13 dmg
  5761 | D:9      | Reached skill level 8 in Unarmed Combat
  5841 | D:7      | Huge Dmg: 10 dmg
  5843 | D:7      | Huge Dmg: 7 dmg
  5863 | D:7      | Found a flagged portal.
  5882 | Bailey   | Entered a bailey
  6008 | Bailey   | Huge Dmg: 9 dmg
  6016 | Bailey   | Huge Dmg: 12 dmg
  6117 | Bailey   | Gained mutation: You sometimes lose your temper in combat.
                  | [potion of mutation]
  6117 | Bailey   | Gained mutation: You occasionally shout uncontrollably at
                  | your foes. [potion of mutation]
  6117 | Bailey   | Gained mutation: You expend magic power (3 MP) to
                  | strengthen your wands. [potion of mutation]
  6118 | Bailey   | Lost mutation: You sometimes lose your temper in combat.
                  | [potion of mutation]
  6118 | Bailey   | Lost mutation: You occasionally shout uncontrollably at
                  | your foes. [potion of mutation]
  6118 | Bailey   | Lost mutation: You expend magic power (3 MP) to strengthen
                  | your wands. [potion of mutation]
  6118 | Bailey   | Gained mutation: You occasionally shout uncontrollably at
                  | your foes. [potion of mutation]
  6118 | Bailey   | Gained mutation: You have hidden genetic potential. [potion
                  | of mutation]
  6121 | Bailey   | Noticed an orc knight
  6125 | Bailey   | Huge Dmg: 10 dmg
  6126 | Bailey   | Huge Dmg: 11 dmg
  6126 | Bailey   | Slain by an orc warrior
  6127 | Bailey   | Reached XP level 8. HP: 0/34 MP: 9/9
  6167 | Bailey   | Huge Dmg: 13 dmg
  6237 | Bailey   | Huge Dmg: 23 dmg
  6346 | Bailey   | Huge Dmg: 22 dmg
  6348 | Bailey   | Killed an orc knight
  6349 | Bailey   | Reached skill level 9 in Unarmed Combat
  6349 | Bailey   | Reached XP level 9. HP: 14/37 MP: 10/10
  6484 | Bailey   | Huge Dmg: 16 dmg
  6536 | Bailey   | Noticed an orc knight
  6543 | Bailey   | Noticed an orc knight
  6545 | Bailey   | Killed an orc knight
  6553 | Bailey   | Killed an orc knight
  6604 | D:7      | Found an iron altar of Okawaru.
  6620 | D:7      | Reached skill level 10 in Unarmed Combat
  6646 | D:7      | Gained mutation: Your muscles are strong. (Str +4, Int/Dex
                  | -1) [hidden potential]
  6749 | D:7      | Huge Dmg: 9 dmg
  6874 | D:8      | Huge Dmg: 9 dmg
  7041 | D:8      | Noticed a death yak
  7044 | D:8      | Noticed a death yak
  7046 | D:8      | Noticed a death yak
  7049 | D:8      | Noticed a death yak
  7052 | D:8      | Noticed a death yak
  7053 | D:8      | Huge Dmg: 25 dmg
  7057 | D:8      | Killed a death yak
  7057 | D:8      | Reached XP level 10. HP: 15/42 MP: 11/11
  7068 | D:8      | Huge Dmg: 5 dmg
  7072 | D:8      | Noticed a death yak
  7214 | D:8      | Killed a death yak
  7215 | D:8      | Reached skill level 11 in Unarmed Combat
  7215 | D:8      | Reached skill level 10 in Shapeshifting
  7255 | D:7      | Huge Dmg: 7 dmg
  7256 | D:7      | Huge Dmg: 8 dmg
  7257 | D:7      | Killed a death yak
  7261 | D:7      | Gained mutation: You have a pair of small horns on your
                  | head. [hidden potential]
  7261 | D:7      | Lost mutation: You have hidden genetic potential. [hidden
                  | potential expressed]
  7341 | D:8      | Huge Dmg: 20 dmg
  7348 | D:8      | Huge Dmg: 19 dmg
  7491 | D:8      | Huge Dmg: 26 dmg
  7492 | D:8      | HP: 1/42 [death yak (16)]
  7493 | D:8      | Huge Dmg: 16 dmg
  7494 | D:8      | Killed a death yak
  7653 | D:8      | Killed a death yak
  7653 | D:8      | Reached skill level 12 in Unarmed Combat
  7655 | D:8      | Huge Dmg: 9 dmg
  7655 | D:8      | Killed a death yak
  7734 | D:8      | Noticed a red ugly thing
  7740 | D:8      | Huge Dmg: 26 dmg
  7760 | D:8      | Killed a red ugly thing
  7760 | D:8      | Reached XP level 11. HP: 22/45 MP: 12/12
  7987 | D:8      | Noticed Pikel
  8002 | D:8      | Huge Dmg: 18 dmg
  8002 | D:8      | Killed Pikel
  8002 | D:8      | Reached skill level 13 in Unarmed Combat
  8141 | D:8      | Found a sparkling altar of Nemelex Xobeh.
  8194 | D:8      | Found a staircase to the Lair.
  8231 | D:8      | Found a sacrificial altar of Ru.
  8232 | D:8      | Found a stormy altar of Qazlal.
  8308 | D:8      | Found Huid's Magic Scroll Emporium.
  8311 | D:8      | Bought a scroll of revelation for 105 gold pieces
  8311 | D:8      | Bought 2 scrolls of identify for 56 gold pieces
  8311 | D:8      | Bought a scroll of identify for 28 gold pieces
  8371 | D:8      | Reached skill level 5 in Fighting
  8371 | D:8      | Reached skill level 10 in Stealth
  8371 | D:8      | Gained mutation: Your thick and shaggy fur keeps you warm.
                  | (AC +3, rC+) [Felid growth]
  8371 | D:8      | Reached XP level 12. HP: 51/51 MP: 13/13
  8372 | D:8      | Reached skill level 14 in Unarmed Combat
  8372 | D:8      | Reached XP level 13. HP: 57/57 MP: 14/14
  8413 | D:9      | Noticed Harold
  8419 | D:9      | Killed Harold
  8519 | D:9      | Reached skill level 10 in Dodging
  9110 | D:10     | Entered Level 10 of the Dungeon
  9265 | D:10     | Found Awautuvu's Antique Armour Emporium.
  9314 | D:10     | Identified the +10 chain mail "Eqefa" {Str-3 Int+5}
  9391 | D:10     | Noticed Erolcha
  9395 | D:10     | Killed Erolcha
  9417 | D:10     | Huge Dmg: 10 dmg
  9417 | D:10     | Reached **** piety under Wu Jian
  9419 | D:10     | Reached skill level 15 in Unarmed Combat
  9613 | D:10     | Found a shadowy altar of Dithmenos.
 10049 | D:11     | Huge Dmg: 20 dmg
 10139 | D:11     | You fall into a shaft and drop 3 floors!
 10155 | D:14     | Huge Dmg: 24 dmg
 10161 | D:14     | Huge Dmg: 13 dmg
 10666 | D:13     | Noticed Frances
 10670 | D:13     | Noticed Nessos
 10673 | D:12     | Huge Dmg: 14 dmg
 10782 | D:12     | Reached skill level 16 in Unarmed Combat
 10794 | D:12     | Huge Dmg: 15 dmg
 10798 | D:12     | Huge Dmg: 12 dmg
 10816 | D:12     | Huge Dmg: 6 dmg
 10817 | D:12     | Huge Dmg: 4 dmg
 10818 | D:12     | Huge Dmg: 7 dmg
 11052 | D:11     | Noticed Amaemon
 11053 | D:11     | Killed Amaemon
 11196 | D:11     | Huge Dmg: 12 dmg
 11199 | D:11     | Huge Dmg: 23 dmg
 11200 | D:11     | Huge Dmg: 5 dmg
 11552 | D:11     | Found a portal to a secret trove of treasure.
 11830 | D:12     | Reached XP level 14. HP: 62/62 MP: 15/15
 11931 | D:12     | Noticed Snorg
 11940 | D:12     | Killed Snorg
 12017 | D:12     | Noticed Rupert
 12031 | D:12     | Paralysed by Rupert for 3 turns
 12035 | D:12     | Huge Dmg: 11 dmg
 12038 | D:12     | Slain by Rupert
 12039 | D:12     | Reached XP level 13. HP: -3/58 MP: 14/14
 12039 | D:12     | Found a staircase to the Orcish Mines.
 12144 | Lair:1   | Entered Level 1 of the Lair of Beasts
 12186 | Lair:1   | Noticed Fannar
 12193 | Lair:1   | Killed Fannar
 12205 | Lair:1   | Huge Dmg: 15 dmg
 12228 | Lair:1   | Huge Dmg: 13 dmg
 12237 | Lair:1   | Found a runed translucent gate.
 12238 | Lair:1   | Found a runed translucent gate.
 12247 | Lair:1   | Lost mutation: You have a pair of small horns on your head.
                  | [potion of mutation]
 12247 | Lair:1   | Lost mutation: You occasionally shout uncontrollably at
                  | your foes. [potion of mutation]
 12247 | Lair:1   | Lost mutation: Your muscles are strong. (Str +4, Int/Dex
                  | -1) [potion of mutation]
 12247 | Lair:1   | Gained mutation: Your muscles are strong. (Str +4, Int/Dex
                  | -1) [potion of mutation]
 12247 | Lair:1   | Gained mutation: You have hidden genetic defects. [potion
                  | of mutation]
 12247 | Lair:1   | Gained mutation: You are frail. (-10% HP) [potion of
                  | mutation]
 12248 | Lair:1   | Lost mutation: You are frail. (-10% HP) [potion of
                  | mutation]
 12248 | Lair:1   | Lost mutation: Your muscles are strong. (Str +4, Int/Dex
                  | -1) [potion of mutation]
 12248 | Lair:1   | Lost mutation: You have hidden genetic defects. [potion of
                  | mutation]
 12248 | Lair:1   | Gained mutation: Your body sometimes deteriorates upon
                  | taking damage. [potion of mutation]
 12248 | Lair:1   | Gained mutation: You have hidden genetic potential. [potion
                  | of mutation]
 12584 | Lair:1   | Huge Dmg: 33 dmg
 12585 | Lair:1   | Huge Dmg: 6 dmg
 12824 | Lair:1   | Huge Dmg: 26 dmg
 12944 | Lair:1   | Found a runed translucent gate.
 12945 | Lair:1   | Noticed blacky4's ghost (journeyman VSFi)
 12963 | Lair:1   | Huge Dmg: 28 dmg
 12963 | Lair:1   | Killed blacky4's ghost
 13336 | Lair:2   | Found a staircase to the Swamp.
 13336 | Lair:2   | Noticed an eleionoma
 13348 | Lair:2   | Killed an eleionoma
 13373 | Lair:2   | Huge Dmg: 15 dmg
 13377 | Lair:2   | Huge Dmg: 14 dmg
 13392 | Lair:2   | Huge Dmg: 20 dmg
 13645 | Lair:2   | Reached skill level 1 in Evocations
 13935 | Lair:2   | Reached ***** piety under Wu Jian
 13936 | Lair:2   | Reached skill level 15 in Stealth
 14321 | Lair:2   | Huge Dmg: 15 dmg
 14323 | Lair:2   | Huge Dmg: 11 dmg
 14329 | Lair:2   | Huge Dmg: 13 dmg
 14888 | Lair:3   | Reached XP level 14. HP: 64/64 MP: 15/15
 14953 | Lair:3   | Huge Dmg: 16 dmg
 14956 | Lair:3   | Huge Dmg: 29 dmg
 15144 | Lair:3   | Found a staircase to the Snake Pit.
 15336 | Lair:3   | Huge Dmg: 24 dmg
 15337 | Lair:3   | Huge Dmg: 15 dmg
 15339 | Lair:3   | Huge Dmg: 14 dmg
 15610 | Lair:3   | Huge Dmg: 27 dmg
 16227 | Lair:4   | Reached skill level 17 in Unarmed Combat
 16237 | Lair:4   | Gained mutation: Your natural rate of healing is unusually
                  | fast. [hidden potential]
 16438 | Lair:4   | Found a hazy altar of Hepliaklqana.
 16442 | Lair:4   | Found a gate leading to a gauntlet.
 16453 | Gauntlet | Entered a Gauntlet
 16453 | Gauntlet | Found a transporter.
 16457 | Gauntlet | Found a transporter.
 16460 | Gauntlet | Found a transporter.
 16469 | Gauntlet | Found a transporter.
 16472 | Gauntlet | Found a transporter.
 16480 | Gauntlet | Found a transporter.
 16484 | Gauntlet | Found a transporter.
 16496 | Gauntlet | Found a transporter.
 16496 | Gauntlet | Found a transporter.
 16504 | Gauntlet | Found a transporter.
 16504 | Gauntlet | Found a runed translucent door.
 16509 | Gauntlet | Found a transporter.
 16577 | Gauntlet | Found a transporter.
 16589 | Gauntlet | Found a transporter.
 16601 | Gauntlet | Found a transporter.
 16884 | Gauntlet | Found the +3 pair of gauntlets of War {Slay+5}
 16887 | Gauntlet | Huge Dmg: 26 dmg
 16888 | Gauntlet | Huge Dmg: 11 dmg
 16889 | Gauntlet | Huge Dmg: 24 dmg
 16889 | Gauntlet | Slain by a minotaur
 16890 | Gauntlet | Reached XP level 13. HP: -5/72 MP: 14/14
 16907 | Gauntlet | Huge Dmg: 40 dmg
 16907 | Gauntlet | Killed a minotaur
 16944 | Gauntlet | Identified the staff "Otesil" {rPois rN+ Poison}
 17263 | Lair:4   | Identified the +0 ring mail of the Cicada {Harm rC+}
 17282 | Lair:4   | Huge Dmg: 17 dmg
 17756 | Lair:5   | Entered Level 5 of the Lair of Beasts
 17838 | Lair:5   | Huge Dmg: 21 dmg
 17930 | Lair:5   | Reached skill level 5 in Evocations
 17983 | Lair:5   | Huge Dmg: 17 dmg
 17998 | Lair:5   | Reached skill level 10 in Fighting
 18007 | Lair:5   | Huge Dmg: 16 dmg
 18013 | Lair:5   | Huge Dmg: 18 dmg
 18136 | Lair:5   | Huge Dmg: 19 dmg
 18191 | Lair:5   | Huge Dmg: 19 dmg
 18203 | Lair:5   | Reached XP level 14. HP: 63/66 MP: 15/15
 18288 | Lair:5   | Got Sif Muna's Tractate on Spellbinding Position
 18293 | Lair:5   | Found a staircase to the Slime Pits.
 18413 | Lair:5   | Huge Dmg: 25 dmg
 18534 | Lair:5   | Huge Dmg: 19 dmg
 18538 | Lair:5   | Huge Dmg: 25 dmg
 18540 | Lair:5   | Huge Dmg: 17 dmg
 18541 | Lair:5   | Mangled by a skyshark

Illustrated notes

Levels and vault maps discovered:
D:1:      lightli_arrival_statue_moat, layout_loops_cross,
          amcnicky_mini_pool_small, serial_bayou_crossing
D:2:      layout_loops_cross, minmay_hedge_maze, kennysheep_generic_room_3
D:3:      layout_rooms, ebering_ecumenical_altar_mist, kennysheep_generic_room_8
D:4:      layout_rooms, minmay_temple_entry_from_below_b
D:5:      minmay_skewed_foursquare, layout_basic,
          mainiacjoe_overflow_surrounded_room, portal_sewer_entry_b,
          minmay_misc_feat_diagonals
D:6:      layout_basic, jmf_multi_god_temple2, serial_shops, shop, shop,
          nicolae_shop_trees, shop, nicolae_shop_temple_entry_statues_fountains
D:7:      layout_rooms, okawaru_gym_becter, old_standard_altar, enter_bailey_3,
          uniq_prince_ribbit1
D:8:      layout_rooms, marbit_many_paths, gammafunk_temple_overflow_statue,
          dpeg_lair_monsters, serial_shops, nicolae_shop_rolled_up,
          minmay_manual_monolith, uniq_pikel
D:9:      layout_irregular_city, minmay_misc_feat_more_columns,
          minmay_misc_feat_roman, minmay_misc_feat_pillars, uniq_harold
D:10:     layout_basic, nicolae_dithmenos_the_darkroom, serial_shops,
          nicolae_shop_tiny_waterfront, uniq_erolcha
D:11:     layout_loops_ring, nicolae_trove_entry_crystal, uniq_amaemon
D:12:     hangedman_cross_stitches, layout_long_grid, orc_0_dummy,
          grunt_decor_clamped, uniq_rupert, uniq_snorg
D:13:     layout_layer_cave, grunt_vaults_entry_fortified, uniq_frances,
          uniq_nessos
D:14:     minmay_cut_squares, layout_basic, hangedman_abyss_or_decor_stabs,
          grunt_ministairs_11, uniq_kirke, uniq_josephine
Temple:   compressed_dpeg_triangle_lava_temple
Lair:1:   layout_hall_layers, ebering_ghost_rock_garden,
          eino_small_chamber_without_monster, serial_bayou_shore_a,
          lemuel_fruit_fields, infiniplex_staircase_pool_2, uniq_fannar
Lair:2:   layout_regular_city, alex1729_swamp_entry_worm_eleionoma,
          serial_forest, infiniplex_forest_straight_4,
          infiniplex_forest_clump_double, infiniplex_forest_lined_room_3,
          infiniplex_forest_lined_2, infiniplex_forest_pool,
          infiniplex_forest_straight_2
Lair:3:   layout_loops_ring, guppyfry_snake_entry_island, minivault_25,
          chequers_serial_rivers_large_b, eino_house_with_fridge
Lair:4:   layout_small_grid, basic_altar, gauntlet_entry_generic, st_stairs_11
Lair:5:   evilmike_catoblepas_cave, layout_cave_pods, slime_entry_1,
          grunt_forest_small_clearings, lemuel_old_faithful

Skill      XL: |  1  2  3  4  5  6  7  8  9 10 11 12 13 14 |
---------------+-------------------------------------------+-----
Dodging        | 3 4 5 6 8 9 13 | 13.0
Stealth        | 1 2 4 5 7 8 10 11 16 | 16.3
Shapeshifting  | 4 5 6 9 10 | 10.7
Fighting       | 3 5 6 10 | 10.0
Unarmed Combat | 4 5 6 9 10 12 13 14 16 17 | 17.4
Evocations     | 5 4 |  5.8

Action                     |  1- 3 |  4- 6 |  7- 9 | 10-12 | 13-15 || total
---------------------------+-------+-------+-------+-------+-------++-------
  Melee: Unarmed           |    59 |   153 |   342 |    87 |   836 ||  1477
         Bite              |     3 |    16 |    39 |    16 |    59 ||   133
         Punch             |       |     2 |    18 |     6 |    32 ||    58
         Headbutt          |       |       |       |    18 |    52 ||    70
         Constrict         |       |       |       |       |    67 ||    67
 Invoke: Serpent's Lash    |       |       |     7 |     7 |    23 ||    37
Ability: Lunge             |       |    11 |    50 |    14 |   111 ||   186
         Whirlwind         |       |     3 |    75 |    27 |   234 ||   339
         Wall Jump         |       |       |    16 |       |    14 ||    30
    Use: Potion            |     3 |     2 |     5 |     2 |     5 ||    17
         Scroll            |       |     6 |     5 |     3 |     2 ||    16
   Stab: Sleeping          |     5 |     6 |    16 |       |    51 ||    78
         Distracted        |       |       |     3 |       |     6 ||     9
         Invisible         |       |       |     1 |       |     3 ||     4
 Armour: Skin              |     6 |    11 |    11 |     1 |    48 ||    77
  Dodge: Dodged            |    38 |   126 |   226 |    35 |   363 ||   788
   Form: Anaconda          |       |       |       |       |     2 ||     2
                           |       |       |       |       |     1 ||     1
         Beast             |       |       |       |       |     1 ||     1

Table legend: (Time is in decaauts)
 A = Elapsed time spent in this place.
 B = Non-inter-level travel time spent in this place.
 C = Inter-level travel time spent in this place.
 D = Time resting spent in this place.
 E = Time spent auto-exploring this place.
 F = Levels seen in this place.
 G = Mean time per level.
                   A        B        C        D        E       F      G
               +--------+--------+--------+--------+--------+-----+--------+
         Total |  16571 |  15386 |   1185 |   3141 |   8801 |  23 |  720.5 |
       Dungeon |   9281 |   8459 |    822 |   1487 |   5375 |  14 |  662.9 |
        Temple |     15 |      3 |     12 |      0 |      0 |   1 |   15.0 |
          Lair |   5247 |   4897 |    350 |   1139 |   2946 |   5 | 1049.4 |
         Sewer |    790 |    790 |      0 |     73 |    328 |   1 |  790.0 |
        Bailey |    668 |    668 |      0 |    429 |     58 |   1 |  668.0 |
      Gauntlet |    568 |    568 |      0 |     13 |     93 |   1 |  568.0 |
               +--------+--------+--------+--------+--------+-----+--------+

Top non-repeatable levels by time:
  Lair:3: 1369 daAuts
  Lair:1: 1269 daAuts
     D:5: 1157 daAuts
  Lair:4: 1001 daAuts
     D:8: 953 daAuts
  Lair:2: 913 daAuts
    D:11: 901 daAuts
     D:7: 869 daAuts
   Sewer: 790 daAuts
     D:9: 744 daAuts
     D:6: 741 daAuts
     D:2: 699 daAuts
  Lair:5: 694 daAuts
    D:10: 685 daAuts
  Bailey: 668 daAuts
